 Dungeon Crawl Stone Soup version 0.27-a0-1066-g29160eaed2 (webtiles) character file.

Game seed: 4010811002495341978

105 evfg the Digger (level 4, 0/24 HPs)
             Began as a Gargoyle Earth Elementalist on Apr 24, 2021.
             Slain by a gnoll
             ... wielding a +0 spear
              (7 damage)
             ... on level 3 of the Dungeon.
             The game lasted 00:04:40 (3058 turns).

evfg the Digger (Gargoyle Earth Elementalist)       Turns: 3058, Time: 00:04:41

Health: 0/24       AC:  5    Str: 12    XL:     4   Next: 81%
Magic:  4/8        EV: 12    Int: 16    God:
Gold:   87         SH:  0    Dex: 16    Spells: 2/9 levels left

rFire    . . .     SeeInvis .   e - +2 dagger (elec)
rCold    . . .     Faith    .   (no shield)
rNeg     + . .     Spirit   .   c - +0 robe
rPois    ∞         Reflect  .   (no helmet)
rElec    +         Harm     .   (no cloak)
rCorr    .         Rampage  .   (no gloves)
Will     .....                  (no boots)
Stlth    ++........             (no amulet)
HPRegen  0.08/turn              m - +6 ring of dexterity
MPRegen  0.11/turn              (no ring)

@: attractive, very slightly contaminated
A: AC +3, negative energy resistance 1, electricity resistance, torment
resistance 1, unbreathing 1, petrification resistance
a: no special abilities


You were on level 3 of the Dungeon.
You visited 1 branch of the dungeon, and saw 3 of its levels.

You collected 87 gold pieces.

Inventory:

Hand Weapons
 d - a +0 short sword
 e - a +2 dagger of electrocution (weapon)
Missiles
 b - 53 stones
Armour
 c - a +0 robe (worn)
Jewellery
 m - a +6 ring of dexterity (left hand)
Potions
 f - a potion of mutation {unknown}
 g - 2 potions of haste
 h - a potion of brilliance {unknown}
 i - 3 potions of might {unknown}
 j - a potion of curing {unknown}
 k - 2 potions of heal wounds {unknown}
 l - a potion of magic {unknown}
 n - a potion of resistance {unknown}


   Skills:
 - Level 1.5 Dodging
 - Level 2.1 Stealth
 + Level 3.3 Spellcasting
 + Level 1.5 Conjurations
 - Level 0.7 Transmutations
 + Level 5.0 Earth Magic


You had 2 spell levels left.
You knew the following spells:

 Your Spells              Type           Power      Damage    Failure   Level
a - Sandblast             Erth           36%        2d10      2%          1
b - Stone Arrow           Conj/Erth      26%        3d8       14%         3
c - Passwall              Tmut/Erth      9%         N/A       9%          2
d - Apportation           Tloc           4%         N/A       19%         1

Your spell library contained the following spells:

 Spells                   Type           Power      Damage    Failure   Level
 Animate Skeleton         Necr           4%         N/A       19%         1
 Corona                   Hex            2%         N/A       19%         1
 Pain                     Necr           8%         1d4       19%         1
 Summon Small Mammal      Summ           8%         N/A       19%         1
 Vampiric Draining        Necr           1%         2d6       50%         3
 Petrify                  Tmut/Erth      11%        N/A       50%         4
 Lee's Rapid Deconstruct  Erth           9%         3d8*      54%         5
 Animate Dead             Necr           1%         N/A       88%         4
 Agony                    Necr           2%         N/A       99%         5


Dungeon Overview and Level Annotations

Branches:
Dungeon (3/15)

Altars:


Innate Abilities, Weirdness & Mutations

Your stone body is resilient. (AC +3)
You are immune to poison.
You resist negative energy. (rN+)
You are resistant to electric shocks. (rElec)
You are resistant to unholy torment.
You can survive without breathing.
You are immune to petrification.


Message History

Casting: Stone Arrow (quite dangerous; 16% risk of failure)
Confirm with . or Enter, or press ? or * to list all spells.
Aiming: Sandblast (safe; 2% risk of failure)
Press: ? - help, Shift-Dir - straight line, f - gnoll
Aim: a gnoll, wielding a +0 spear (82% to hit)
The blast of sand hits the gnoll.
The gnoll is heavily wounded.
The gnoll shouts! x2
The gnoll barely misses you.
Casting: Sandblast (safe; 2% risk of failure)
Confirm with . or Enter, or press ? or * to list all spells.
Aiming: Sandblast (safe; 2% risk of failure)
Press: ? - help, Shift-Dir - straight line, f/p - gnoll
Aim: a gnoll, wielding a +0 spear (heavily wounded, 82% to hit)
The blast of sand misses the gnoll.
The blast of sand hits the gnoll!
The gnoll is severely wounded.
The gnoll hits you with a +0 spear.
* * * LOW HITPOINT WARNING * * *
Casting: Sandblast (safe; 2% risk of failure)
Confirm with . or Enter, or press ? or * to list all spells.
Aiming: Sandblast (safe; 2% risk of failure)
Press: ? - help, Shift-Dir - straight line, f/p - gnoll
Aim: a gnoll, wielding a +0 spear (heavily wounded, 82% to hit)
You miscast Sandblast.
You are very lightly contaminated with residual magic.
Nothing appears to happen.
Casting: Sandblast (safe; 2% risk of failure)
Confirm with . or Enter, or press ? or * to list all spells.
Aiming: Sandblast (safe; 2% risk of failure)
Press: ? - help, Shift-Dir - straight line, f/p - gnoll
Aim: a gnoll, wielding a +0 spear (heavily wounded, 82% to hit)
The blast of sand hits the gnoll!
You kill the gnoll!
The gnoll barely misses you.
Your Earth Magic skill increases to level 5!
Unknown command.
It was a potion of attraction.
You feel attractive to monsters.
The gnoll hits you from afar with a +0 spear!
You die...

... .... #..##
.... #..# #..#
#.#######..#
#..ggg)@...#
#########.#.# #+#
### ##.##
###.###.######.##
###...##.#......##
#...#..##.######.#
..####.##.## #.#
#'#..#..#..# ..#
#....##.##.## ...


You could see 3 gnolls.

Vanquished Creatures
  2 gnolls (D:3)
  2 adders (D:2)
  A worm (D:2)
  3 orcs (D:3)
  2 endoplasms
  2 giant cockroaches (D:2)
  5 goblins
  8 hobgoblins
  3 jackals (D:3)
  3 quokkas
  8 ball pythons
  5 bats
  5 frilled lizards
  6 kobolds
  3 rats
58 creatures vanquished.

Notes
Turn   | Place    | Note
-------+----------+-------------------------------------------
     0 | D:1      | evfg the Gargoyle Earth Elementalist began the quest for
                  | the Orb.
     0 | D:1      | Reached XP level 1. HP: 10/10 MP: 3/3
   374 | D:1      | Reached XP level 2. HP: 15/15 MP: 1/5
   375 | D:1      | Reached skill level 4 in Earth Magic
  1331 | D:1      | Found a faded altar of an unknown god.
  1509 | D:2      | Reached XP level 3. HP: 18/19 MP: 7/7
  1527 | D:2      | Learned a level 1 spell: Animate Skeleton
  1532 | D:2      | Learned a level 3 spell: Stone Arrow
  2025 | D:2      | Learned a level 2 spell: Passwall
  2034 | D:2      | Learned a level 1 spell: Apportation
  2423 | D:2      | Reached XP level 4. HP: 23/24 MP: 8/8
  2642 | D:3      | Reached skill level 1 in Conjurations
  3058 | D:3      | Reached skill level 5 in Earth Magic
  3058 | D:3      | Slain by a gnoll

Illustrated notes

Levels and vault maps discovered:
D:1:      dpeg_arrival_water_fire, layout_basic,
          hellmonk_ecumenical_altar_run_dry, st_stairs_12, minmay_heptomino_o4
D:2:      layout_loops_corners, minmay_statues_item
D:3:      minmay_skewed_foursquare, layout_loops_corners, minmay_misc_feat_rows,
          kennysheep_generic_room_5

Skill      XL: |  1  2  3  4 |
---------------+-------------+-----
Earth Magic    | 4 5 |  5.0
Spellcasting   | 3 |  3.3
Conjurations   | 1 |  1.5
Dodging        | |  1.5
Stealth        | |  2.1
Transmutations | |  0.7

Action                   |  1- 3 |  4- 6 || total
-------------------------+-------+-------++-------
Melee: Unarmed           |     3 |       ||     3
       Short sword       |     2 |       ||     2
       Dagger            |    73 |    54 ||   127
 Cast: Sandblast         |    10 |     3 ||    13
       Stone Arrow       |       |     1 ||     1
  Use: Scroll            |     2 |       ||     2
       Potion            |       |     1 ||     1
 Stab: Sleeping          |     5 |       ||     5
Armor: Robe              |    22 |    16 ||    38
Dodge: Dodged            |    57 |    43 ||   100

Table legend: (Time is in decaauts)
 A = Elapsed time spent in this place.
 B = Non-inter-level travel time spent in this place.
 C = Inter-level travel time spent in this place.
 D = Time resting spent in this place.
 E = Time spent auto-exploring this place.
 F = Levels seen in this place.
 G = Mean time per level.
                   A        B        C        D        E       F      G
               +--------+--------+--------+--------+--------+-----+--------+
         Total |   3061 |   3032 |     29 |    434 |   2139 |   3 | 1020.3 |
       Dungeon |   3061 |   3032 |     29 |    434 |   2139 |   3 | 1020.3 |
               +--------+--------+--------+--------+--------+-----+--------+

Top non-repeatable levels by time:
     D:1: 1495 daAuts
     D:2: 1127 daAuts
     D:3: 438 daAuts
